 Dungeon Crawl Stone Soup version 0.19.1-1-g22dce08 (webtiles) character file.

16575 Peloso the Carver (level 12, -1/106 HPs)
             Began as a Ghoul Gladiator on Dec 31, 2016.
             Was a High Priest of Okawaru.
             Slain by a skeletal warrior
             ... wielding a +0 hand axe
              (12 damage)
             ... on level 10 of the Dungeon.
             The game lasted 00:51:55 (14720 turns).

Peloso the Carver (Ghoul Gladiator)                Turns: 14720, Time: 00:51:56

Health: -1/106     AC: 23    Str: 21    XL:     12   Next: 38%
Magic:  9/11       EV: 13    Int:  3    God:    Okawaru [*****.]
Gold:   845        SH:  0    Dex: 15    Spells: 0 memorised, 11 levels left

rFire  . . .     SeeInvis .     a - +1 long sword (venom)
rCold  + . .     Gourm    .     A - +3 plate armour
rNeg   + + +     Faith    .     (no shield)
rPois  ∞         Spirit   .     q - +1 helmet
rElec  .         Reflect  .     s - +0 cloak "Ceoptepreo" {rPois}
rCorr  .         Harm     .     I - +0 pair of gloves {Dex+3}
MR     .....                    v - +0 pair of boots
Stlth  ..........               (no amulet)
                                B - ring of flight
                                D - -3 ring of protection (curse)

@: about to teleport, heroism, rotting
A: rotting body, claws 1, carnivore 3, cold resistance 1, negative energy
resistance 3, slow regeneration 1, torment resistance, unbreathing
a: Heroism, Finesse, Renounce Religion, Evoke Flight


You were on level 10 of the Dungeon.
You worshipped Okawaru.
Okawaru was extremely pleased with you.
You were not hungry.

You visited 2 branches of the dungeon, and saw 13 of its levels.
You also visited: Sewer.

You collected 845 gold pieces.

Inventory:

Hand Weapons
 a - a +1 long sword of venom (weapon)
Missiles
 d - 3 throwing nets (quivered)
Armour
 q - a +1 helmet (worn)
 s - the +0 cloak "Ceoptepreo" (worn) {rPois}
   (You found it on level 5 of the Dungeon)

   It protects you from poison.
 v - a +0 pair of boots (worn)
 A - a +3 plate armour (worn)
 I - a +0 pair of gloves of dexterity (worn)
Jewellery
 B - a ring of flight (right hand)
 D - a cursed -3 ring of protection (left hand)
Wands
 b - a wand of lightning (6/15)
 g - a wand of random effects (19/48)
 h - a wand of polymorph (11/24)
 o - a wand of iceblast (8/15)
 y - a wand of polymorph (13/24)
 F - a wand of paralysis (5/24)
 H - a wand of polymorph (9/24)
Scrolls
 i - a scroll of teleportation
 u - 2 scrolls of amnesia
 x - 3 scrolls of recharging
 C - 2 scrolls of remove curse
 E - a scroll of enchant armour
Potions
 e - 2 potions of magic
 m - 4 potions of curing
 n - 4 potions of flight
 r - a potion of might {unknown}
 t - a potion of brilliance {unknown}
 w - 2 potions of lignification {unknown}
 z - a potion of invisibility
Books
 c - a book of the Earth

   Spells                             Type                      Level
   a - Leda's Liquefaction            Hexes/Earth                  4
   b - Bolt of Magma                  Conjuration/Fire/Earth       5
   c - Statue Form                    Transmutation/Earth          6
   d - Iron Shot                      Conjuration/Earth            6
   e - Shatter                        Earth                        9
Comestibles
 f - 9 meat rations
 j - 13 chunks of flesh
 k - 3 beef jerkies
 p - 2 royal jellies


   Skills:
 + Level 10.1(15.1) Fighting
 + Level 12.6(17.6) Long Blades
 + Level 1.8(6.8) Throwing
 + Level 8.8(13.8) Armour
 + Level 5.8(10.8) Dodging
 + Level 2.3(7.3) Stealth
 + Level 0.9 Invocations
 + Level 0.3 Evocations


You had 11 spell levels left.
You didn't know any spells.

Dungeon Overview and Level Annotations

Branches:
Dungeon (11/15)            Temple (0/1) D:7            Lair (2/6) D:9
    Orc (0/2) D:11
  Swamp: Lair:2-4    Shoals: Lair:2-4     Snake: Lair:2-4    Spider: Lair:2-4

Altars:
Fedhas
Okawaru
Qazlal
Trog
Uskayaw
Xom
Zin
The Shining One

Shops:
D:5 *   D:9 *

Annotations:
D:4 M4edhros's ghost, amateur OpHu


Innate Abilities, Weirdness & Mutations

Your body is rotting away.
You thrive on raw meat.
You are immune to poison.
You have sharp fingernails.
You are carnivorous and can eat meat at any time.
Your flesh is cold resistant. (rC+)
You are immune to negative energy. (rN+++)
You regenerate slowly when monsters are visible.
You are immune to unholy pain and torment.
You can survive without breathing.


Message History

The skeletal warrior is severely damaged.
The skeletal warrior hits you with a hand axe.
You fail to use your ability.
The skeletal warrior hits you with a hand axe!
* * * LOW HITPOINT WARNING * * *
You fail to use your ability.
You gain the combat prowess of a mighty hero.
The skeletal warrior barely misses you.
You riposte.
You hit the skeletal warrior but do no damage.
The skeletal warrior is severely damaged.
You closely miss the skeletal warrior.
The skeletal warrior is severely damaged.
The skeletal warrior hits you with a hand axe!
* * * LOW HITPOINT WARNING * * *
Unknown command.
Okay, then.
As you read the scroll of teleportation, it crumbles to dust.
You feel strangely unstable.
The skeletal warrior hits you with a hand axe!
You die...

#.....##..........#
####.....##..........####
#........##..............
#........##........).....
#........##..............
#........##..............
#........##..........###.
#........###########.###.
##.###.#@................
#.###..z.##.........###.
#####...%...................
#...###..<...##.....#######.
#...# #....).##.###.# #.
#...# #......##.....# #.
#...# #.........######### #.
#...###......##.# #.....# #.
#...#...####.##.# #.###.# #.


You could see a skeletal warrior.

Vanquished Creatures
  Sonja (D:11)
  Pikel (D:5)
  A hill giant (D:11)
  A cyclops (D:11)
  An orc sorcerer (D:11)
  Joseph (D:10)
  A centaur zombie (D:11)
  A black mamba (Lair:1)
  The ghost of cuckmaster the Cleaver, a novice OpBe of Trog (D:5)
  3 komodo dragons
  A troll (D:9)
  A two-headed ogre (D:8)
  3 blink frogs (Lair:1)
  4 hippogriffs
  A hill giant zombie (D:11)
  2 hungry ghosts
  A wyvern (Lair:1)
  9 yaks
  Grum (D:8)
  2 basilisks
  2 water moccasins
  A porcupine (Lair:1)
  2 orc warriors (D:5)
  A swamp drake (D:9)
  A slave (D:6)
  2 ice beasts
  4 sky beasts
  2 black bears
  4 phantoms
  7 ogres
  2 wolves (D:8)
  2 necrophages
  7 centaurs
  4 crocodiles
  13 big kobolds
  12 bullfrogs
  3 troll zombies (D:11)
  2 scorpions
  9 killer bees
  5 wights (D:7)
  2 howler monkeys (D:11)
  6 crimson imps
  A bullfrog zombie (D:5)
  A quasit (D:5)
  A jelly (D:9)
  3 bullfrog skeletons
  A centaur skeleton (D:6)
  5 gnoll shamans (D:3)
  12 orc wizards
  6 orc priests
  A hound (D:5)
  Terence (D:2)
  Ijyb (D:2)
  4 iguanas
  11 worker ants
  4 ogre zombies (D:11)
  3 hound skeletons
  36 gnolls
  3 howler monkey skeletons
  A river rat (Sewer)
  18 adders
  An adder zombie (D:9)
  2 oozes (Sewer)
  2 adder skeletons
  8 worms
  3 dart slugs
  7 leopard geckos
  40 orcs
  14 giant cockroaches
  7 goblins
  13 hobgoblins
  18 jackals
  5 quokkas
  9 ball pythons
  4 bats
  6 frilled lizards
  A goblin skeleton (D:11)
  2 goblin zombies (D:11)
  A hobgoblin skeleton (D:11)
  A jackal skeleton (D:6)
  32 kobolds
  A leopard gecko skeleton (D:7)
  3 orc skeletons (D:11)
  14 orc zombies (D:11)
  19 rats
456 creatures vanquished.

Vanquished Creatures (others)
  A slave (D:6)
  A jelly (D:6)
  An iguana (D:9)
  A leopard gecko (D:9)
  An orc (D:8)
5 creatures vanquished.

Grand Total: 461 creatures vanquished

Notes
Turn   | Place    | Note
-------+----------+-------------------------------------------
     0 | D:1      | Peloso the Ghoul Gladiator began the quest for the Orb.
     0 | D:1      | Reached XP level 1. HP: 17/17 MP: 0/0
   164 | D:1      | Reached skill level 3 in Long Blades
   164 | D:1      | Reached XP level 2. HP: 14/24 MP: 1/1
   272 | D:1      | Reached XP level 3. HP: 22/29 MP: 2/2
   783 | D:2      | Noticed Terence
   938 | D:2      | Killed Terence
   938 | D:2      | Reached skill level 1 in Armour
   938 | D:2      | Reached XP level 4. HP: 27/36 MP: 3/3
  1366 | D:2      | Reached XP level 5. HP: 44/44 MP: 4/4
  1410 | D:2      | Reached skill level 4 in Long Blades
  1451 | D:2      | Noticed Ijyb
  1463 | D:2      | Killed Ijyb
  1671 | D:3      | Found a glowing drain.
  1680 | Sewer    | Entered a sewer
  1703 | Sewer    | Noticed a big kobold
  1720 | Sewer    | Killed a big kobold
  1720 | Sewer    | Reached XP level 6. HP: 43/51 MP: 5/5
  1807 | Sewer    | Reached skill level 5 in Long Blades
  1902 | Sewer    | Reached XP level 7. HP: 46/57 MP: 6/6
  2246 | Sewer    | Reached skill level 6 in Long Blades
  2386 | D:3      | Found a blossoming altar of Fedhas.
  2584 | D:3      | Found an iron altar of Okawaru.
  2624 | D:3      | Became a worshipper of Warmaster Okawaru
  2777 | D:4      | Reached XP level 8. HP: 33/65 MP: 7/7
  2952 | D:4      | Found a glowing golden altar of the Shining One.
  3362 | D:4      | Reached skill level 7 in Long Blades
  3364 | D:4      | Noticed M4edhros's ghost (amateur OpHu)
  3399 | D:5      | Entered Level 5 of the Dungeon
  3580 | D:5      | Reached * piety under Okawaru
  3895 | D:5      | Got a translucent cloak
  3922 | D:5      | Identified the +0 cloak "Ceoptepreo" {rPois} (You found it on level 5 of the Dungeon)
  3990 | D:5      | Found Zin's Purification Station.
  4002 | D:5      | Noticed cuckmaster's ghost (novice OpBe)
  4002 | D:5      | Found a glowing silver altar of Zin.
  4029 | D:5      | Found a bloodstained altar of Trog.
  4533 | D:3      | Reached skill level 1 in Stealth
  4671 | D:3      | Reached XP level 9. HP: 37/73 MP: 8/8
  4746 | D:3      | Reached skill level 8 in Long Blades
  4752 | D:3      | Reached skill level 5 in Fighting
  4758 | D:3      | Reached ** piety under Okawaru
  5777 | D:5      | Killed cuckmaster's ghost
  5777 | D:5      | Reached skill level 5 in Armour
  5777 | D:5      | Reached skill level 5 in Dodging
  5821 | D:5      | Noticed a dagger
  5822 | D:5      | Noticed a hand axe
  5825 | D:5      | Found a hide-covered altar of Uskayaw.
  5986 | D:5      | Reached *** piety under Okawaru
  6577 | D:6      | Reached skill level 9 in Long Blades
  6642 | D:6      | Noticed Pikel
  6685 | D:5      | Killed Pikel
  6685 | D:5      | Reached XP level 10. HP: 13/84 MP: 6/9
  7629 | D:7      | Found a shimmering altar of Xom.
  7675 | D:6      | Reached **** piety under Okawaru
  7879 | D:7      | Found a staircase to the Ecumenical Temple.
  7988 | D:7      | Received a gift from Okawaru
  8139 | D:7      | Reached skill level 10 in Long Blades
  8661 | D:8      | Found a stormy altar of Qazlal.
  9033 | D:8      | Noticed Grum
  9042 | D:8      | Killed Grum
  9042 | D:8      | Reached ***** piety under Okawaru
  9046 | D:8      | Received a gift from Okawaru
  9046 | D:8      | Reached XP level 11. HP: 32/94 MP: 10/10
  9652 | D:9      | Reached skill level 11 in Long Blades
  9877 | D:9      | Found Koeh's General Store.
 10151 | D:9      | Found a staircase to the Lair.
 10696 | D:10     | Entered Level 10 of the Dungeon
 11249 | D:10     | Noticed Joseph
 11270 | D:10     | Killed Joseph
 11810 | D:11     | Noticed a skeletal warrior
 11813 | D:11     | Noticed a skeletal warrior
 12312 | Lair:1   | Entered Level 1 of the Lair of Beasts
 12815 | Lair:1   | Received a gift from Okawaru
 13165 | Lair:1   | Reached skill level 12 in Long Blades
 13195 | Lair:2   | Noticed a seven-headed hydra
 13208 | Lair:1   | Reached XP level 12. HP: 88/105 MP: 11/11
 13766 | D:11     | Noticed Sonja
 13797 | D:11     | Killed Sonja
 13823 | D:11     | Found a staircase to the Orcish Mines.
 13869 | D:11     | Paralysed by an orc sorcerer for 5 turns
 14530 | D:11     | Reached skill level 10 in Fighting
 14720 | D:10     | Slain by a skeletal warrior

Skill      XL: |  1  2  3  4  5  6  7  8  9 10 11 12 |
---------------+-------------------------------------+-----
Long Blades    | 3 4 5 6 7 9 10 12 | 12.6
Dodging        | 3 4 5 |  5.8
Armour         | 1 2 4 5 6 8 |  8.8
Fighting       | 3 4 6 8 9 10 | 10.1
Stealth        | 1 2 |  2.3
Throwing       | |  1.8
Invocations    | |  0.9
Evocations     | |  0.3

Action                   |  1- 3 |  4- 6 |  7- 9 | 10-12 || total
-------------------------+-------+-------+-------+-------++-------
Melee: Long sword        |   110 |   178 |   828 |  1324 ||  2440
       Punch             |       |       |       |     3 ||     3
Invok: Heroism           |       |       |     2 |    16 ||    18
Evoke: Wand              |       |       |       |     3 ||     3
  Use: Scroll            |       |     5 |     3 |    14 ||    22
       Potion            |       |       |     3 |     1 ||     4
 Stab: Confused          |       |       |       |     1 ||     1
  Eat: Chunk             |    10 |     6 |    33 |    67 ||   116
Armor: Leather armour    |    42 |       |       |       ||    42
       Scale mail        |       |    93 |   436 |       ||   529
       Plate armour      |       |       |    20 |   896 ||   916
Dodge: Dodged            |    88 |    94 |   525 |   538 ||  1245
       Rpst.: Long sword |    28 |    26 |   171 |   158 ||   383
